[Event "Championnat de France Alpe d'Huez 2023 "]
[Site "ALPE D'HUEZ, France"]
[Date "2023.08.26"]
[Round "8.18"]
[White "DELADERRIERE, Helio"]
[Black "CARNAC, Vincent"]
[Result "1-0"]
[ECO "B20"]
[WhiteElo "1453"]
[BlackElo "1404"]
[PlyCount "84"]
[EventDate "2023.08.??"]
[TimeControl "1/40+30:0"]

1. e4 {76} c5 {5} 2. b3 {75} Nc6 {23} 3. Bb2 {75} Nf6 {37} 4. e5 {55} Nd5 {57}
5. Bc4 {151} e6 {220} 6. Nc3 {201} Nxc3 {179} 7. Bxc3 {29} a6 {414} 8. a4 {146}
b6 {77} 9. f4 {282} d6 {689} 10. exd6 {137} Qxd6 {18} 11. Nf3 {150} Nd4 {665}
12. O-O {192} Be7 {186} 13. b4 {418} Bf6 {120} 14. Rb1 {362} Bb7 {327} 15. Bxd4
{163} Bxd4+ {21} 16. Kh1 {52} Bf6 {433} 17. bxc5 {121} Qxc5 {61} 18. Bd3 {57}
O-O {31} 19. Ng5 {308} h6 {215} 20. Qh5 {142} Bxg5 {161} 21. fxg5 {50} Bc6 {393
} 22. Qh3 {119} Qxg5 {87} 23. Rxb6 {305} Bxa4 {133} 24. Rb4 {31} Bd7 {174} 25.
Rg4 {126} e5 {199} 26. Rxg5 {44} Bxh3 {6} 27. Rxe5 {32} Be6 {33} 28. Ra5 {89}
Rfd8 {14} 29. h3 {218} Kf8 {173} 30. Kg1 {29} Ke7 {133} 31. Kf2 {31} Rd6 {43}
32. Ke2 {58} Bd5 {90} 33. Rf2 {65} Re6+ {54} 34. Kd1 {40} Rd6 {39} 35. Re2+ {
237} Kd7 {89} 36. Rf2 {414} Ke7 {213} 37. Ke2 {16} Re6+ {17} 38. Kf1 {8} Rd6 {
57} 39. Re2+ {11} Kd7 {58} 40. Rxd5 {345} Rxd5 {8} 41. Be4 {13} Kd6 {25} 42. c4
{45} Ke6 {84} 1-0

[Event "Championnat de France Alpe d'Huez 2023 "]
[Site "ALPE D'HUEZ, France"]
[Date "2023.08.26"]
[Round "8.19"]
[White "MOREL CARROT, Gabriel"]
[Black "MINDE, Timothe"]
[Result "1-0"]
[ECO "E00"]
[WhiteElo "1433"]
[BlackElo "1545"]
[PlyCount "117"]
[EventDate "2023.08.??"]
[TimeControl "1/40+30:0"]

1. d4 {11} e6 {50} 2. c4 {48} Nf6 {20} 3. a3 {61} c5 {65} 4. Nf3 {192} Nc6 {124
} 5. e3 {177} d5 {186} 6. dxc5 {122} a5 {682} 7. Nc3 {234} Bxc5 {135} 8. cxd5 {
56} Nxd5 {33} 9. Nxd5 {350} Qxd5 {95} 10. Qxd5 {16} exd5 {5} 11. Bd3 {80} Bg4 {
513} 12. b3 {509} O-O {728} 13. Bb2 {752} Rad8 {0} 14. Ne5 {767} Nxe5 {235} 15.
Bxe5 {62} Rde8 {274} 16. Bb2 {154} Bxe3 {334} 17. fxe3 {75} Rxe3+ {127} 18. Kd2
{32} Re7 {277} 19. Rhe1 {114} Rd7 {41} 20. h3 {135} Be6 {72} 21. Rac1 {80} Rfd8
{115} 22. Bb5 {122} Rd6 {121} 23. Be5 {80} Rb6 {54} 24. a4 {148} Rxb5 {103} 25.
axb5 {12} d4 {11} 26. Re4 {78} d3 {24} 27. Rd4 {22} Re8 {26} 28. Rxd3 {73} h6 {
25} 29. Bg3 {55} Kh7 {69} 30. Rc7 {77} b6 {87} 31. Rc6 {59} Bf5 {38} 32. Rd4 {
26} Be6 {39} 33. Rxb6 {70} Bxb3 {20} 34. Ra6 {23} Rc8 {42} 35. Rc6 {461} Rxc6 {
133} 36. bxc6 {8} a4 {2} 37. Kc1 {28} a3 {5} 38. c7 {25} a2 {3} 39. Kb2 {16}
Be6 {12} 40. Rd8 {12} a1=Q+ {13} 41. Kxa1 {9} g5 {19} 42. c8=Q {12} Bxc8 {2}
43. Rxc8 {22} f5 {15} 44. Rc6 {10} h5 {12} 45. Kb2 {27} f4 {6} 46. Bf2 {15} g4
{5} 47. hxg4 {12} hxg4 {6} 48. Kc3 {14} f3 {10} 49. gxf3 {32} g3 {0} 50. Bxg3 {
3} Kg7 {7} 51. Kd4 {38} Kf7 {5} 52. Ke5 {7} Kg7 {3} 53. Kf5 {13} Kf7 {12} 54.
Rc7+ {5} Ke8 {4} 55. Bh4 {13} Kf8 {11} 56. Ke6 {14} Kg8 {6} 57. Kf6 {12} Kh8 {6
} 58. Kg6 {9} Kg8 {3} 59. Rc8# {10} 1-0

[Event "Championnat de France Alpe d'Huez 2023 "]
[Site "ALPE D'HUEZ, France"]
[Date "2023.08.26"]
[Round "8.20"]
[White "CHEVILLON, Manon"]
[Black "LARA-GOLLIOT, Celian"]
[Result "1-0"]
[ECO "B15"]
[WhiteElo "1526"]
[BlackElo "1445"]
[PlyCount "63"]
[EventDate "2023.08.??"]
[TimeControl "1/40+30:0"]

1. e4 {12} c6 {4} 2. d4 {31} d5 {7} 3. Nc3 {32} dxe4 {17} 4. Nxe4 {41} Nf6 {12}
5. Nxf6+ {71} exf6 {6} 6. Nf3 {84} Bg4 {42} 7. Be2 {106} Bd6 {82} 8. O-O {106}
O-O {14} 9. c4 {117} Nd7 {231} 10. Be3 {166} Qc7 {269} 11. h3 {228} Bxf3 {227}
12. Bxf3 {192} c5 {55} 13. d5 {416} Ne5 {59} 14. Be2 {76} Rfe8 {44} 15. Re1 {
155} Re7 {80} 16. Qc2 {372} Rae8 {100} 17. Red1 {528} b6 {202} 18. a3 {210} Ng6
{543} 19. Rab1 {294} Bf4 {835} 20. Bxf4 {376} Qxf4 {32} 21. Bf1 {243} Re5 {1026
} 22. b4 {363} Rg5 {212} 23. Qd2 {362} Qd6 {248} 24. Kh1 {429} Ne5 {447} 25. f4
{0} Nxc4 {157} 26. Bxc4 {32} Rg3 {64} 27. Re1 {108} Rd8 {9} 28. Re3 {70} Rg6 {
96} 29. Rbe1 {23} Qd7 {39} 30. Qe2 {21} Kf8 {20} 31. Re7 {85} Qc8 {23} 32. d6 {
58} 1-0